[Event "German-ch Women 2024"]
[Site "Ostfildern"]
[Date "2024.08.25"]
[Round "9.2"]
[White "Miljkovic, Jovana"]
[Black "Bluebaum, Johanna"]
[Result "1/2-1/2"]
[ECO "E01"]
[WhiteElo "2021"]
[BlackElo "1994"]
[Annotator "NA RC"]
[PlyCount "71"]
[EventDate "2024.08.16"]
[EventType "tourn"]
[EventCountry "GER"]
[SourceTitle "playchess.com"]
[Source "ChessBase"]
[SourceQuality "1"]
[TimeControl "40/5400+30:1800+30"]

1. Nf3 d5 2. d4 e6 3. c4 Nf6 4. g3 Bd6 5. Bg2 Nc6 6. Nbd2 {[%emt 0:01:34] E01: Catalan: Early deviations.} O-O 7. O-O a5 8. Re1 Ne4 9. Nxe4 dxe4 10. Ng5 Bb4 11. Rf1 Qxd4 12. Bxe4 h6 13. Bxc6 Qxd1 14. Rxd1 bxc6 15. Nf3 f6 16. Nd4 e5 17. Nxc6 Bd6 18. Bd2 Bg4 19. Kf1 a4 20. b4 Bd7 21. Na5 Rfb8 22. c5 Bf8 $14 23. Bc3 Bb5 24. Rd2 Rd8 25. Rad1 Rxd2 26. Rxd2 Be7 27. a3 Rd8 28. Ke1 Kf7 29. Rc2 Ke6 30. Bb2 Kd5 31. Rd2+ Ke6 32. Rc2 Kd5 33. Rd2+ Ke6 34. Rc2 Kd5 35. Rd2+ Ke6 36. Rc2 1/2-1/2

[Event "German-ch Women 2024"]
[Site "Ostfildern"]
[Date "2024.08.25"]
[Round "9.3"]
[White "Moeller, Hannah"]
[Black "Braun, Kristin"]
[Result "0-1"]
[ECO "D34"]
[WhiteElo "1845"]
[BlackElo "2001"]
[Annotator "NA RC"]
[PlyCount "66"]
[EventDate "2024.08.16"]
[EventType "tourn"]
[EventCountry "GER"]
[SourceTitle "playchess.com"]
[Source "ChessBase"]
[SourceQuality "1"]
[TimeControl "40/5400+30:1800+30"]

1. Nf3 c5 2. g3 Nc6 3. c4 Nf6 4. Bg2 e6 5. O-O Be7 6. Nc3 d5 7. d4 O-O 8. cxd5 exd5 9. dxc5 Bxc5 10. a3 a6 11. Bf4 Be6 12. Rc1 Ba7 13. Ne5 Rc8 14. Qd2 ({White should play} 14. e3 $11) 14... Re8 15. Nxc6 bxc6 $11 16. Qd3 Qb6 17. Na4 Qa5 18. Nc3 Bg4 19. Bf3 Bxf3 20. Qxf3 Qb6 21. b4 a5 22. Rb1 axb4 23. axb4 d4 24. Na2 Nd5 25. Bd6 Qb5 26. Qd3 Rxe2 27. Qxb5 cxb5 28. Nc1 Rec2 29. Nd3 Nc3 30. Ra1 Bb6 31. Ra6 Bd8 32. Ra7 Bf6 33. Rd1 Nxd1 0-1

[Event "German-ch Women 2024"]
[Site "Ostfildern"]
[Date "2024.08.25"]
[Round "9.4"]
[White "Just, Anita"]
[Black "Staerk, Elisa"]
[Result "0-1"]
[ECO "B92"]
[WhiteElo "1871"]
[BlackElo "2002"]
[Annotator "RC"]
[PlyCount "154"]
[EventDate "2024.08.16"]
[EventType "tourn"]
[EventCountry "GER"]
[SourceTitle "playchess.com"]
[Source "ChessBase"]
[SourceQuality "1"]
[TimeControl "40/5400+30:1800+30"]

1. e4 c5 2. Nf3 d6 3. d4 cxd4 4. Nxd4 Nf6 5. Nc3 a6 6. Be2 e5 7. Nb3 Be7 8. O-O O-O 9. f4 b5 10. Nd5 Nxd5 11. exd5 Nd7 12. a4 b4 13. a5 Bb7 14. Qd3 Qc7 15. Be3 exf4 16. Rxf4 Ne5 17. Qd2 Bg5 18. Rxb4 Bxe3+ 19. Qxe3 Bxd5 20. Nd4 Rfe8 21. Qf2 Qc5 22. c3 f6 23. Rb6 Nc4 24. b4 Qc7 25. Qf5 Ne3 26. Qd3 Bc4 27. Qd2 Bxe2 28. Qxe2 Qxc3 29. Qa2+ d5 30. Nf3 Nc4 31. Rb7 Re4 32. Rd1 Rae8 33. Qa1 Qe3+ 34. Kh1 Ne5 35. Re1 Qf4 36. Rxe4 Qxe4 37. Nxe5 Rxe5 38. h3 Qf4 39. Rb8+ Kf7 40. Rb7+ Kg6 41. Qb1+ Kh6 42. Rc7 Re4 43. Qc1 Qxc1+ 44. Rxc1 Rxb4 45. Rc6 Kg5 46. Kg1 Kf4 47. Kf1 d4 48. Rxa6 Ke3 49. Re6+ Kd2 50. a6 Ra4 51. Rc6 d3 52. Kf2 Rf4+ 53. Kg3 Ra4 54. Kf2 Kd1 55. Ke3 d2 56. Kf2 Rf4+ 57. Ke3 Ra4 58. Kf2 Ra5 59. g4 Ra3 60. h4 Ra4 61. Kf3 Ke1 62. Re6+ Kf1 63. Rd6 Ra3+ 64. Kf4 Ke2 65. Re6+ Kf2 66. Rd6 Ra4+ 67. Kf5 Ke2 68. Re6+ Kd3 69. Rd6+ Rd4 70. Rxd4+ Kxd4 71. a7 d1=Q 72. a8=Q Qd3+ 73. Ke6 Qe4+ 74. Qxe4+ Kxe4 75. h5 Kf4 76. h6 gxh6 77. Kxf6 Kxg4 0-1

[Event "German-ch Women 2024"]
[Site "Ostfildern"]
[Date "2024.08.25"]
[Round "9.5"]
[White "Wartenberg, Alissa"]
[Black "Novikova, Margarita"]
[Result "0-1"]
[ECO "B06"]
[WhiteElo "1858"]
[BlackElo "1991"]
[Annotator "RC"]
[PlyCount "54"]
[EventDate "2024.08.16"]
[EventType "tourn"]
[EventCountry "GER"]
[SourceTitle "playchess.com"]
[Source "ChessBase"]
[SourceQuality "1"]
[TimeControl "40/5400+30:1800+30"]

1. e4 g6 2. d4 Bg7 3. Nc3 e6 4. Nf3 d6 5. Be2 Ne7 6. O-O Nd7 7. Be3 b6 8. Qd2 h6 9. Rad1 d5 10. e5 a6 11. a4 c5 12. Na2 cxd4 13. Bxd4 Nc6 14. Qc3 Nxd4 15. Qxd4 Qc7 16. Rfe1 Nxe5 17. Nxe5 Bxe5 18. Bb5+ axb5 19. Rxe5 O-O 20. Nc3 b4 21. Ne2 Rxa4 22. b3 Ra2 23. Re3 Rxc2 24. Rh3 e5 25. Qe3 Bxh3 26. gxh3 d4 27. Qf3 Qc6 0-1

[Event "German-ch Women 2024"]
[Site "Ostfildern"]
[Date "2024.08.25"]
[Round "9.6"]
[White "Mader, Lena"]
[Black "Bursan, Ana-Maria"]
[Result "1-0"]
[ECO "A11"]
[WhiteElo "1876"]
[BlackElo "1719"]
[Annotator "NA RC"]
[PlyCount "145"]
[EventDate "2024.08.16"]
[EventType "tourn"]
[EventCountry "GER"]
[SourceTitle "playchess.com"]
[Source "ChessBase"]
[SourceQuality "1"]
[TimeControl "40/5400+30:1800+30"]

1. c4 c6 2. g3 d5 3. Bg2 dxc4 4. Nf3 Nf6 5. O-O Nbd7 6. Na3 {[%emt 0:06:02] A11: English Opening: 1...c6.} Nb6 7. Ne5 Qd4 8. Nf3 Qd6 9. Qc2 h5 10. Nxc4 Nxc4 11. Qxc4 Be6 12. Qa4 Bd5 13. d3 Bxf3 14. Bxf3 e5 15. Be3 Nd5 (15... Be7 $14) 16. Bd2 Be7 17. Rac1 h4 18. Qg4 Bf6 19. a3 a5 20. Qc4 Bd8 21. Qc5 Qe6 22. Bg2 hxg3 23. hxg3 Qg4 24. Rfe1 Bb6 25. Qd6 Qxg3 26. e3 Qh2+ 27. Kf1 Rd8 28. Rxc6 Rxd6 29. Rxd6 Bxe3 30. Rxd5 Bxd2 31. Rexe5+ Qxe5 32. Rxe5+ Kd7 33. Bxb7 Rb8 34. Re2 Bc1 35. Rc2 Bxb2 36. Rxb2 Kc7 37. Rb5 Rxb7 38. Rxa5 Kc6 39. Ke2 Rb2+ 40. Ke3 Rb7 41. d4 Re7+ 42. Kd3 Re1 43. Ra7 Ra1 44. Ke4 Re1+ 45. Kd3 Rd1+ 46. Ke3 Re1+ 47. Kd2 Re4 48. Kd3 Rf4 49. Ke3 g5 50. Ra5 f6 51. Rc5+ Kb6 52. a4 Rh4 53. Rf5 Rh3+ 54. Ke4 Rh4+ 55. Kd5 Rh6 $18 56. Ke6 Rh4 57. d5 Rxa4 58. Kxf6 Kc7 59. Kxg5 Kd6 60. f4 Ra8 61. Re5 Rg8+ 62. Kf5 Rf8+ 63. Ke4 Rf6 64. f5 Rf8 65. Re6+ Kd7 66. Ke5 Rf7 67. Ra6 Re7+ 68. Re6 Rf7 69. f6 Rh7 70. Rd6+ Ke8 71. Ke6 Re7+ 72. Kf5 Re1 73. Re6+ 1-0

[Event "German-ch Women 2024"]
[Site "Ostfildern"]
[Date "2024.08.25"]
[Round "9.7"]
[White "Wagenschuetz, Evelyn"]
[Black "Foltin, Alica"]
[Result "1-0"]
[ECO "C41"]
[WhiteElo "2070"]
[BlackElo "1722"]
[Annotator "RC"]
[PlyCount "71"]
[EventDate "2024.08.16"]
[EventType "tourn"]
[EventCountry "GER"]
[SourceTitle "playchess.com"]
[Source "ChessBase"]
[SourceQuality "1"]
[TimeControl "40/5400+30:1800+30"]

1. e4 d6 2. d4 Nf6 3. Nc3 Nbd7 4. Nf3 e5 5. Bc4 Be7 6. O-O c6 7. a4 Qc7 8. Ba2 O-O 9. Re1 b6 10. Qe2 h6 11. h3 Re8 12. d5 Nc5 13. b4 Na6 14. b5 cxb5 15. Nxb5 Qb7 16. Ba3 Nc5 17. Bxc5 bxc5 18. Rab1 Qd7 19. Bc4 a6 20. Nc3 Qc7 21. Rb3 Qa5 22. Nd2 Bd7 23. Reb1 g6 24. Qe3 Kg7 25. Be2 Nh7 26. Nc4 Qc7 27. Rb7 Qc8 28. Qc1 Bxh3 29. gxh3 Qxh3 30. Qe3 Qc8 31. Qg3 Qd8 32. Nb6 Bh4 33. Qg2 Qf6 34. Nxa8 Ng5 35. Nc7 Bxf2+ 36. Kh1 1-0

[Event "German-ch Women 2024"]
[Site "Ostfildern"]
[Date "2024.08.25"]
[Round "9.8"]
[White "Walker, Julia"]
[Black "Koeberl, Christiane"]
[Result "1-0"]
[ECO "C41"]
[WhiteElo "1836"]
[BlackElo "1745"]
[Annotator "NA RC"]
[PlyCount "99"]
[EventDate "2024.08.16"]
[EventType "tourn"]
[EventCountry "GER"]
[SourceTitle "playchess.com"]
[Source "ChessBase"]
[SourceQuality "1"]
[TimeControl "40/5400+30:1800+30"]

1. e4 d6 2. d4 Nf6 3. Nc3 Nbd7 4. Nf3 e5 5. a4 c6 6. Bc4 Be7 7. O-O O-O 8. Re1 Re8 9. h3 exd4 10. Qxd4 h6 11. Bf4 Nc5 12. Rad1 Be6 13. b4 Bxc4 14. Qxc4 $11 Ne6 15. Bxd6 Bxd6 16. e5 Nd5 17. exd6 Qxd6 18. Nxd5 cxd5 19. Rxd5 Qe7 20. Nd4 Rac8 21. Qb5 a6 22. Qb6 Rc4 23. b5 Qb4 24. Rd1 axb5 25. Nxe6 Rxe6 26. Rd8+ Kh7 27. Qxb5 Re1+ 28. Rxe1 Qxe1+ 29. Kh2 Qe4 30. Qb3 Rxc2 31. Qxf7 Qe5+ 32. f4 Qe4 33. Qg8+ Kg6 34. Rd6+ Kh5 35. Qd5+ Qxd5 36. Rxd5+ Kg6 37. Rb5 Rc4 38. f5+ Kf6 39. a5 Ra4 40. g4 Kg5 41. Rxb7 Ra2+ 42. Kg3 Ra3+ 43. Kg2 Ra2+ 44. Kf3 Ra3+ 45. Ke4 Ra4+ 46. Ke5 Rxa5+ 47. Ke6 Ra6+ 48. Kf7 g6 49. h4+ Kxh4 50. fxg6 1-0

[Event "German-ch Women 2024"]
[Site "Ostfildern"]
[Date "2024.08.25"]
[Round "9.9"]
[White "Moutaqi, Sandra"]
[Black "Albayrak, Aylin"]
[Result "1-0"]
[ECO "E92"]
[WhiteElo "1961"]
[BlackElo "1741"]
[Annotator "NA RC"]
[PlyCount "77"]
[EventDate "2024.08.16"]
[EventType "tourn"]
[EventCountry "GER"]
[SourceTitle "playchess.com"]
[Source "ChessBase"]
[SourceQuality "1"]
[TimeControl "40/5400+30:1800+30"]

1. d4 Nf6 2. c4 g6 3. Nc3 Bg7 4. e4 d6 5. Nf3 O-O 6. Be2 e5 7. d5 a5 8. O-O Na6 9. Bg5 h6 10. Bh4 Qe8 11. Qc1 {[%emt 0:02:23] E92: King's Indian: Classical: 6 Be2 e5: 7 dxe5, 7 Be3 and Petrosian System without 7...Nbd7.} Nc5 12. Bxf6 Bxf6 13. Qxh6 Qe7 14. Qe3 Kg7 15. Rfe1 Rh8 16. Bf1 Bg4 17. Ne2 Rh6 18. h3 Rah8 19. Ng3 Bxf3 20. Qxf3 Bg5 21. Qc3 b6 22. Rad1 Rh4 23. Qc2 $11 R8h6 24. Nh1 Nd7 25. g3 R4h5 26. f3 f5 27. exf5 gxf5 28. g4 fxg4 29. fxg4 Rh4 30. Ng3 Qf6 31. Nf5+ Kh8 32. Nxh6 Qxh6 33. Kf2 Nf6 34. Qf5 Nxg4+ 35. hxg4 Rh2+ 36. Kf3 Qh4 37. Qf8+ Kh7 38. Bd3+ e4+ 39. Bxe4# 1-0